 Dungeon Crawl Stone Soup version 0.16-a0-1982-g8124c91 (webtiles) character file.

196 wvc the Cudgeler (level 5, -1/28 HPs)
             Began as a Tengu Fighter on Nov 4, 2014.
             Killed by divine providence
             ... invoked by an orc priest
              (16 damage)
             ... on level 3 of the Dungeon on Nov 8, 2014.
             The game lasted 00:06:15 (2644 turns).

wvc the Cudgeler (Tengu Fighter)                    Turns: 2644, Time: 00:06:16

Health: -1/28      AC:  8    Str: 18    XL:     5   Next: 75%
Magic:  7/7        EV:  6    Int:  8    God:
Gold:   115        SH: 10    Dex: 13    Spells: 0 memorised, 4 levels left

rFire  . . .     SeeInvis .     a - +0 flail
rCold  . . .     Clarity  .     b - +0 scale mail
rNeg   + . .     SustAb   .     c - +1 shield
rPois  .         Gourm    .     (helmet restricted)
rElec  .         Spirit   .     (no cloak)
rCorr  .         Warding  .     (no gloves)
rMut   .         Stasis   .     (boots unavailable)
MR     .....                    (no amulet)
Stlth  ..........               (no ring)
                                n - ring of positive energy

@: very slightly contaminated, not resistant to hostile enchantments, extremely
unstealthy
A: able to fly, beak, talons 3, yellow scales 1, frail 1
a: Fly


You were on level 3 of the Dungeon.
You were very hungry.

You visited 1 branch of the dungeon, and saw 3 of its levels.

You collected 115 gold pieces.

Inventory:

Hand weapons
 a - a +0 flail (weapon)
Missiles
 p - a throwing net (quivered)
Armour
 b - a +0 scale mail (worn)
 c - a +1 shield (worn)
Jewellery
 n - a ring of positive energy (left hand)
 o - an uncursed ring of fire
Scrolls
 f - 2 scrolls of remove curse
 i - a scroll of enchant armour
 q - 4 scrolls of identify
Potions
 e - 3 potions of might
 l - 2 potions of heal wounds
Comestibles
 d - 3 bread rations
 h - 5 meat rations


   Skills:
 - Level 3.0 Fighting
 * Level 6.3 Maces & Flails
 - Level 3.2 Armour
 - Level 3.0 Shields


You had 4 spell levels left.
You didn't know any spells.

Dungeon Overview and Level Annotations

Branches:
Dungeon (3/15)

Altars:


Innate Abilities, Weirdness & Mutations

You can fly.
You have a beak for a mouth.
You have claws for feet.
You are partially covered in yellow scales (AC +2).
You are frail (-10% HP).


Message History

The orc priest invokes the aid of Beogh against you.
Something smites you!
Your magical contamination has completely faded away.
You hit the orc.
You kill the orc!
The orc priest mumbles some strange prayers to Beogh.
You feel a wave of unholy energy pass over you.
You hit the orc. You claw the orc. Your peck misses the orc.
The orc is severely wounded.
You block the orc's attack.
Read which item? (? for menu, Esc to quit)
Blink to where?
Press: ? - help, Dir - move target cursor
As you read the scroll of blinking, it crumbles to dust.
You are very lightly contaminated with residual magic.
You are feeling very hungry.
The orc priest calls down the wrath of Beogh upon you.
Something smites you!
Ouch! That really hurt!
You die...

...ggoo)o...###########
..o########...........#
#o.########.# ##...## #.#
##o###.## ##.## ##.##
##.####...## #..# #...##.....
. #..## ##.#.##...## .#..#
###.#@#.###.##.#######
#.#..#........................
.
#.#..######.##########.#######
#. #.#..# #. # ###.. #.##.#..#
# ...... ...#.#..# ###.#
.#...#..######.# .
...#.#.†.<)....# #.#
........######## #.#


You could see an orc priest and an orc.

Vanquished Creatures
  An orc wizard (D:2)
  A worker ant (D:3)
  6 adders
  4 gnolls (D:2)
  A worm (D:2)
  A giant gecko (D:2)
  4 orcs (D:3)
  4 bats
  A giant cockroach (D:1)
  7 goblins
  6 hobgoblins
  2 jackals (D:2)
  6 kobolds
  A ball python (D:1)
  A giant newt (D:1)
  A quokka (D:3)
  4 rats
51 creatures vanquished.

Notes
Turn   | Place    | Note
--------------------------------------------------------------
     0 | D:1      | wvc, the Tengu Fighter, began the quest for the Orb.
     0 | D:1      | Reached XP level 1. HP: 14/14 MP: 1/1
   258 | D:1      | Reached XP level 2. HP: 19/19 MP: 3/3
   769 | D:1      | Reached XP level 3. HP: 23/23 MP: 4/4
   778 | D:1      | Upgraded the game from 0.16-a0-1858-gba9b1e2 to 0.16-a0-1982-g8124c91
   844 | D:2      | Reached skill level 4 in Maces & Flails
  1191 | D:2      | Reached XP level 4. HP: 28/28 MP: 5/5
  1837 | D:2      | Reached skill level 5 in Maces & Flails
  2033 | D:2      | Reached XP level 5. HP: 18/32 MP: 7/7
  2305 | D:2      | Reached skill level 6 in Maces & Flails
  2603 | D:3      | Gained mutation: You are partially covered in yellow scales (AC +2). [potion of mutation]
  2603 | D:3      | Gained mutation: You are frail (-10% HP). [potion of mutation]
  2644 | D:3      | Killed from afar by an orc priest

Action                   |  1- 3 |  4- 6 || total
-------------------------+-------+-------++-------
Melee: Flail             |    65 |    81 ||   146
  Use: Scroll            |       |     7 ||     7
       Potion            |       |     1 ||     1
  Eat: Chunk             |     1 |     1 ||     2
       Fruit             |       |     3 ||     3
